Cogmind - Beta 16 @@@ ROGUE MODE // 2025.11.30 @ 23:13:59 Player: Azktor Result: Destroyed by D-53 Grenadier with Mini Grenade Launcher Performance ------------- Evolutions (0) 0 Regions Visited (2) 400 Robots Destroyed (9) 45 Value Destroyed (174) 174 Prototype IDs (0) 0 Alien Tech Used (0) 0 Bonus (0) 0 TOTAL SCORE: 619 Bonus ------- None Cogmind --------- Core Integrity 0/250 Matter 75/300 Energy 125/125 System Corruption 0% Temperature Cool (0) Movement Core (200) Ox3 Location -10/Mines Parts ------- > --- POWER (1) -------- Light Ion Engine > --- PROPULSION (2) --- (None) > --- UTILITY (2) ------ Small Storage Unit > --- WEAPON (2) ------- Light Assault Rifle Light Assault Rifle > --- INVENTORY (8) ---- Light Ion Engine Hammer Peak State ------------ > --- POWER ------------ Ion Engine > --- PROPULSION ------- Light Treads > --- UTILITY ---------- Small Storage Unit Improved Terrain Scanner > --- WEAPON ----------- Light Assault Rifle Light Assault Rifle > --- INVENTORY -------- Light Ion Engine Light Ion Engine Hammer [Rating: 8] Favorites ----------- Power Light Ion Engine Engine Light Ion Engine Propulsion Light Treads Treads Light Treads Utility Small Storage Unit Device Seismic Detector Storage Small Storage Unit Weapon Light Assault Rifle Ballistic Gun Light Assault Rifle Launcher Grenade Launcher Impact Weapon Hammer Build | -11 -10 -10 ------- Run | Yrd Mat Min Slots Evolved . | . . . Power . | . . . Propulsion . | . . . Utility . | . . . Weapon . | . . . Parts Attached 14 | 7 2 5 Power 4 | 1 1 2 Engine 4 | 1 1 2 Core . | . . . Reactor . | . . . Propulsion 2 | 2 . . Treads 2 | 2 . . Leg . | . . . Wheel . | . . . Hover . | . . . Flight . | . . . Utility 3 | 2 . 1 Device 2 | 1 . 1 Storage 1 | 1 . . Processor . | . . . Hackware . | . . . Protection . | . . . Artifact . | . . . Weapon 5 | 2 1 2 Energy Gun . | . . . Energy Cannon . | . . . Ballistic Gun 3 | 2 1 . Ballistic Cannon . | . . . Launcher 1 | . . 1 Special Weapon . | . . . Impact Weapon 1 | . . 1 Slashing Weapon . | . . . Piercing Weapon . | . . . Special Melee Weapon . | . . . Unidentified Prototypes . | . . . Parts Lost 6 | . . 6 Power . | . . . Propulsion 2 | . . 2 Utility 2 | . . 2 Weapon 2 | . . 2 Highest Loss Streak 3 | . . 3 To Critical Strikes . | . . . Average Backups 3 | 1 4 3 Power 1 | . 1 1 Propulsion . | . . . Utility . | . 1 . Weapon 1 | . 2 1 Tool/Special . | . . . Unused Backups 1 | . . 1 Power 1 | . . 1 Propulsion . | . . . Utility . | . . . Weapon . | . . . Tool/Special . | . . . Average Slot Usage (%) 90 | . 98 78 Engine 13 | . 13 14 Treads 23 | . 28 16 Device 11 | . 14 6 Storage 14 | . 14 14 Ballistic Gun 26 | . 26 24 Peak Build Rating 8 | 7 7 8 Average Rating 6 | 5 6 6 On Entrance 4 | . 7 7 Avg Prop Armor Cover (%) 16 | . 16 . Naked Turns . | . . . Heaviest Build 14 | 12 12 14 Greatest Support 40 | 40 40 40 Greatest Overweight (x) 3 | . 3 . Average Overweight (x) . | . . . Largest Inventory Capacity 8 | 8 8 8 Average Capacity 7 | 6 8 8 Most Carried 6 | 3 5 6 Average Carried 3 | 1 4 3 Final Capacity 8 | 8 8 8 Final Carried 5 | 3 5 2 Class Distribution -------------------- 100% | Mutant Dominant Class ---------------- Mutant | -10/Materials Mutant | -10/Mines Resources | -11 -10 -10 ----------- Run | Yrd Mat Min Matter Collected 381 | 180 47 154 Remotely . | . . . Salvage Created 297 | 103 61 133 Parts 18 | 6 4 8 Haulers Intercepted . | . . . Recyclers Shooed . | . . . Parts Field Recycled . | . . . Retrieved Matter . | . . . Parts Self-Destructed . | . . . Prevented . | . . . Parts Restored . | . . . Kills | -11 -10 -10 ------- Run | Yrd Mat Min Combat Hostiles Destroyed 10 | . 1 9 Melee 2 | . . 2 Guns 4 | . 1 3 Cannons 1 | . . 1 AOE 3 | . . 3 Classes Destroyed 6 | 2 2 2 Tunneler 1 | 1 . . Recycler 1 | 1 . . Operator 1 | . 1 . Swarmer 3 | . . 3 Grunt 3 | . 1 2 Assembled 4 | . . 4 Best Kill Streak 6 | 2 1 6 Combat Bots Only 6 | . 1 6 Max Kills in Single Turn 2 | 1 1 2 Gunslinging . | . . . Exploded 2 | . . 2 Melee 1 | . . 1 Uniques/NPCs Destroyed . | . . . Combat | -11 -10 -10 -------- Run | Yrd Mat Min Hostile Shots Fired 88 | . 9 79 Missed 28 | . 5 23 Hits 60 | . 4 56 Melee 4 | . . 4 Projectile 56 | . 4 52 AOE 7 | . . 7 Damage Taken 962 | . 42 920 Core 291 | . 11 280 Absorbed by Shields . | . . . Regen/Repaired (Parts) 34 | . 34 . Core Remaining (%) 100 | 100 . . Volleys Fired 45 | 3 11 31 Largest 2 | 2 2 2 Hottest 40 | 40 40 40 Shots Fired 84 | 6 22 56 Gun 78 | 6 22 50 Cannon . | . . . Launcher 6 | . . 6 Special . | . . . Kinetic 78 | 6 22 50 Thermal . | . . . Explosive 6 | . . 6 Electromagnetic . | . . . Robot Hit Streak 12 | 3 8 12 Robot Miss Streak 2 | 2 2 2 Penetration Max . | . . . Secondary Targets . | . . . Shots Hit Robots 63 | 3 16 44 Core Hits 25 | 3 4 18 Critical Kills . | . . . Critical Parts Destroyed 1 | . . 1 Critical Strikes 1 | . . 1 Destroy 1 | . . 1 Melee Attacks 6 | . . 6 Impact 6 | . . 6 Slashing . | . . . Piercing . | . . . Sneak Attacks . | . . . Combat Hostiles . | . . . Follow-up Attacks . | . . . Damage Inflicted 958 | 33 168 757 Guns 554 | 33 168 353 Cannons . | . . . Explosions 275 | . . 275 Melee 129 | . . 129 Ramming . | . . . Kinetic 554 | 33 168 353 Thermal . | . . . Explosive 275 | . . 275 Electromagnetic . | . . . Impact 129 | . . 129 Slashing . | . . . Piercing . | . . . Highest Corruption . | . . . Average Corruption . | . . . Corruption Purged . | . . . Corruption Blocked . | . . . Overload Shots . | . . . Overflow Damage 32 | . . 32 Projectiles . | . . . Explosions 32 | . . 32 Melee . | . . . Knockbacks 2 | . . 2 Impact 1 | . . 1 Kinetic . | . . . Secondary 1 | . . 1 Self-Inflicted Damage 48 | . . 48 Shots 2 | . . 2 Rammed . | . . . Targets Rammed . | . . . Kicked . | . . . Crushed . | . . . Highest Temperature 19 | . 6 19 Average Temperature 6 | . 6 7 Received Heat Transfer 135 | . 24 111 Siege Activations . | . . . Martial Activations . | . . . Shielding Activations . | . . . Robots Disrupted . | . . . Combat Hostiles . | . . . Robots Corrupted . | . . . Combat Hostiles . | . . . Parts Fried . | . . . Impact Corruptions . | . . . Robots Melted . | . . . Combat Hostiles . | . . . Parts Melted . | . . . Heat Transferred . | . . . Parts Sabotaged . | . . . Parts Stolen . | . . . Parts Stripped . | . . . Power Chain Reactions . | . . . Alert | -11 -10 -10 ------- Run | Yrd Mat Min Maximum Alert Level . | . . . Low Security (%) 100 | 100 100 100 Level 1 . | . . . Level 2 . | . . . Level 3 . | . . . Level 4 . | . . . Level 5 . | . . . High Security . | . . . Max Security . | . . . Peak Influence 61 | 5 30 61 Initial . | . . . Average 9 | . 2 24 Influence Increases 199 | 10 35 154 Destroy 0b10 Robot/C 120 | . 20 100 Destroy 0b10 Robot/NC 15 | 10 5 . Destroy Leader 30 | . 10 20 Destroy Structure 34 | . . 34 Influence Decreases 179 | 10 35 134 Time Decay 129 | 10 35 84 Lost Part 50 | . . 50 Squads Dispatched 1 | . 1 . Investigation . | . . . Extermination . | . . . Reinforcement 1 | . 1 . Assault . | . . . Garrison . | . . . Intercept . | . . . Searches Triggered . | . . . Construction Impeded . | . . . Haulers Reinforced . | . . . Active Scanning Responses . | . . . Cargo Convoy Interrupts . | . . . Stealth | -11 -10 -10 --------- Run | Yrd Mat Min Distress Signals 1 | . 1 . Communications Jammed . | . . . Distress Signals . | . . . Times Spotted 17 | . 5 12 Peak Tracking Total 5 | . 3 5 Tactical Retreats 1 | . . 1 Traps | -11 -10 -10 ------- Run | Yrd Mat Min Traps Triggered 3 | . 3 . Indirectly . | . . . Trap Hack Attempts . | . . . Triggered . | . . . Disarmed . | . . . Reprogrammed . | . . . Reused . | . . . Traps Extracted . | . . . Installed . | . . . Triggered . | . . . Machines | -11 -10 -10 ---------- Run | Yrd Mat Min Machines Disabled . | . . . Max in Single Turn . | . . . Machines Repaired . | . . . Machines Dismantled . | . . . Machines Sabotaged . | . . . Overloaded Fab Kills . | . . . Hacking | -11 -10 -10 --------- Run | Yrd Mat Min Machines Accessed 2 | . 1 1 Terminals 1 | . . 1 Fabricators . | . . . Repair Stations 1 | . 1 . Recycling Units . | . . . Scanalyzers . | . . . Garrison Access . | . . . Total Hacks 4 | . 2 2 Successful 3 | . 2 1 Failed 1 | . . 1 Catastrophic 1 | . . 1 Database Lockouts . | . . . Manual 1 | . . 1 Terminals 2 | . . 2 Fabricators . | . . . Repair Stations 2 | . 2 . Recycling Units . | . . . Scanalyzers . | . . . Garrison Access . | . . . Terminal Hacks 1 | . . 1 Dispatch Records 1 | . . 1 Fabricator Hacks . | . . . Repair Station Hacks 2 | . 2 . Scan Component 1 | . 1 . Repair 1 | . 1 . Recycling Unit Hacks . | . . . Scanalyzer . | . . . Garrison Access Hacks . | . . . Unauthorized Hacks . | . . . Terminals . | . . . Fabricators . | . . . Repair Stations . | . . . Recycling Units . | . . . Scanalyzers . | . . . Garrison Access . | . . . Data Cores Recovered . | . . . Used . | . . . Hacking Detections 1 | . . 1 Full Trace Events . | . . . Feedback Events . | . . . Feedback Blocked . | . . . Robot Schematics Acquired . | . . . Robots Built . | . . . Authchips . | . . . Time . | . . . Total Robot Build Rating . | . . . Part Schematics Acquired . | . . . Parts Built . | . . . Authchips . | . . . Time . | . . . Total Part Build Rating . | . . . Part Studies Acquired . | . . . Parts Repaired 1 | . 1 . Time 26 | . 26 . Parts Recycled . | . . . Recycled Matter . | . . . Retrieved Matter . | . . . Retrieved Components . | . . . Parts Scanalyzed . | . . . Part Schematics Acquired . | . . . Parts Damaged . | . . . Bothacking | -11 -10 -10 ------------ Run | Yrd Mat Min Used RIF Installer . | . . . Robots Hacked . | . . . Non-combat . | . . . Combat . | . . . Robot Hacks Applied . | . . . Relay Couplers Released . | . . . Fabnet Peak Effective % . | . . . Robots Rewired . | . . . Allies Hacked . | . . . Hacks Repelled . | . . . Allies | -11 -10 -10 -------- Run | Yrd Mat Min Total Allies . | . . . Largest Group . | . . . Highest-Rated Group . | . . . Highest-Rated Ally . | . . . Total Orders . | . . . Ally Attacks . | . . . Total Damage . | . . . Kills . | . . . Allies Corrupted . | . . . Allies Melted . | . . . Intel | -11 -10 -10 ------- Run | Yrd Mat Min Active Infowar (turns) 490 | 23 375 92 Terrain 88 | . . 88 Seismic 402 | 23 375 4 Robot Analysis Total . | . . . Derelict Logs Recovered . | . . . Drone Launches . | . . . Drone Recoveries . | . . . Exploration | -11 -10 -10 ------------- Run | Yrd Mat Min Turns Passed 681 | 98 375 208 Spaces Moved 296 | 51 185 60 Core 6 | 4 2 . Treads 290 | 47 183 60 Legs . | . . . Wheels . | . . . Hover . | . . . Flight . | . . . Fastest Speed 50 | 50 160 160 Average Speed 158 | 151 160 160 Slowest Speed 200 | 160 200 160 Overloaded Moves . | . . . Propulsion Burnouts . | . . . Robots Hopped . | . . . Potential Cave-ins . | . . . Cave-ins Triggered . | . . . Exploration Rate (%) 18 | 4 32 18 Regions Visited 2 Branch Regions 1 Pre-discovered Areas . | . . . Known Exits Taken . | . . . Unknown Exits Taken 2 | 1 1 . Scrap Searched 1 | . . 1 Spaces Dug . | . . . Terrain Destroyed 39 | . . 39 Melee . | . . . Projectile . | . . . AOE 39 | . . 39 Terrain Rammed . | . . . Walls Destroyed . | . . . Machines Disabled . | . . . Actions | -11 -10 -10 --------- Run | Yrd Mat Min Total 422 | 63 241 118 Wait 33 | . 32 1 Move 294 | 50 184 60 Hop . | . . . Pick Up 6 | 3 3 . Fast Attach 20 | 7 8 5 Attach 5 | . 1 4 Detach 7 | . 1 6 Swap . | . . . Drop 6 | . 1 5 Fire 45 | 3 11 31 Melee 6 | . . 6 Ram . | . . . Kick . | . . . Crush . | . . . Escape Stasis . | . . . Rewire . | . . . Trap . | . . . Miscellaneous . | . . . Route ------- -11/Scrapyard -10/Materials -10/Mines History --------- Turn | Location | Event 41 | -11/Scrapyard | Discovered new exit (range 16) 99 | -11/Scrapyard | Entered Materials 277 | -10/Materials | Discovered new exit (range 16) 356 | -10/Materials | Repaired Lgt. Assault Rifle 359 | -10/Materials | Build established: Mutant 474 | -10/Materials | Entered Mines 475 | -10/Mines | Assembled infested the area 479 | -10/Mines | Met a Derelict bent on vengeance 549 | -10/Mines | Lost 3 parts (1n2w) 676 | -10/Mines | Core integrity fell below 50% 679 | -10/Mines | Core integrity fell below 20% 682 | -10/Mines | Destroyed by D-53 Grenadier with Mini Grenade Launcher Last Messages --------------- 00646_ R-06 Scavenger collects Lgt. Assault Rifle. 00646_ S-10 Pest destroyed. 00650_ Acquired 10 matter. 00652_ Acquired 8 matter. 00656_ Dropped Ion Engine. 00656_ Acquired Lgt. Ion Engine. 00661_ Connecting with Terminal... 00661_ Current location identified: Mines >>Enumerate(Squads) Retrieving dispatch records... Found 2 active squads: 1x Patrol 1x Assault 00675_ Lgt. Treads destroyed. 00675_ Imp. Terrain Scanner destroyed. 00675_ Terminal disabled. 00676_ The unstable cave ceiling collapses. 00677_ D-53 Grenadier destroyed. 00678_ R-06 Scavenger destroyed. Map ----- +----------------------------------------------------+ | | | | | | | | | | | | | | | | | | | | | | | | | ?????????????????????????????????????????????????? | | ????????????????????????#????????????????????????? | | ???????????????????????????????#??#??????????????? | | ?????????????????????###########???#?????????????? | | ??????????????????????# ? ????????????? | | ?????????????????????## """ """ """??????????????? | | ????????????????? ????# """ """ """??????????????? | | ????????????#?????????# """ """ """ #???????????? | | ??????????????????????# """ """ """ #???????????? | | ?????????????????????## * #???????????? | | ?????????????#????#### #???#???????? | | ??????????????? ??? ###?????????? | | ?????????????????????# #???????????? | | ???????????##??#?#???# @ ########???#???????? | | ??????????????????# % #??#?##????#???????? | | ??????????#???#???# !! ##?????#????????????? | | ???????????#??????# # #####???????#???????? | | ??????????????????# ?# d *! #?????? ????????? | | ?????????????????????# #### ###??? #????????? | | ???????????????#?????# #### #### #????????? | | ????????????????? < #????????? | | ????????????? ? ##### #????????? | | ????????????? ? r ###??# # ####????????? | | ??????????? ?? ## ##??### # #???????????? | | ????????????????## ##?### #???????????? | | ?????????????????## ????# ##???????????? | | ??????????????????## ????# ##???????????? | | ???????????????????## ???### # ######??????? | | ??????????????????! # #???# ##?????? | | ????????????????? # ????# #?????? | | ??????????????????? ?# ????# # #?????? | | ?????????????????????? ????# ###???????? | | ????????????????????????????# * = ##?????????? | | ????????????????????????????# ##??????????? | | ????????????????????????????## #???????????? | | ?????????????????????????????## #???????????? | | ??????????????????????????????########???????????? | | ?????????????????????????????????????????????????? | +----------------------------------------------------+ Best States ------------- Heat Dissipation 25 Energy Generation 10 Energy Capacity 250 Matter Stores 209 Matter Capacity 300 Sight Range 16 Terrain Scan Range 16 Terrain Scan Density 10 Evasion (%) 40 Recoil Reduction 2 Item Schematics ----------------- None Robot Schematics ------------------ None Fabricated ------------ Nothing Repaired ---------- Lgt. Assault Rifle | 57% | -10/Materials Studied --------- None Alien Tech Used ----------------- None Achievements -------------- Ghost 'Em Physics Hates This One Trick Challenges ------------ None Game ------ Seed MiniBottomlessShielding Manual? 0 Play Time 00:11:49 Cumulative 202.6 hours Start 2025.11.30 @ 23:04:11 End 2025.11.30 @ 23:13:59 Sessions 1 Manual Loads 0 Difficulty Rogue Special Mode None Game No. 81 Rogue 18 Adventurer 63 Explorer 0 Win Type - Total 8 Types 4/2/0/2/0/0/0/0/0/0 Lore% 31 Gallery% 58 Achievement% 35 Wizard Run 0 Options --------- Layout 1 ASCII 0 Keyboard 0 Movement Mouse Keybinds 0 Fullscreen 1 Font 24/Smallcaps Map View 50x35 Zoom Use 0% Tactical HUD 1 Map Filters NONE Filters NONE Steam 1 RUN: f2816f23-6b01-493b-b85e-83245b6e8586